 Dungeon Crawl Stone Soup version 0.25.1-2-g60ff931df9 (webtiles) character file.

Game seed: 11666795739371156136

2599 H0rd4k the Cutter (level 9, -3/67 HPs)
             Began as a Human Artificer on Sept 10, 2020.
             Was an Initiate of Gozag.
             Killed from afar by Maggie (12 damage)
             ... with a bolt of fire
             ... on level 8 of the Dungeon on Sept 11, 2020.
             The game lasted 00:24:06 (13803 turns).

H0rd4k the Cutter (Human Artificer)                Turns: 13803, Time: 00:24:06

Health: -3/67      AC: 15    Str: 15    XL:     9   Next: 89%
Magic:  12/12      EV:  8    Int: 13    God:    Gozag
Gold:   392        SH:  0    Dex: 13    Spells: 8/8 levels left

rFire    + . .     SeeInvis .   K - +0 dagger (flame)
rCold    . . .     Gourm    .   (no shield)
rNeg     . . .     Faith    .   d - +1 chain mail "Edodwual" {Slay+3}
rPois    .         Spirit   .   (no helmet)
rElec    .         Reflect  .   (no cloak)
rCorr    .         Harm     .   e - +2 pair of gloves
MR       .....                  s - +0 pair of boots
Stlth    ..........             (no amulet)
HPRegen  0.21/turn              C - ring of protection from fire
MPRegen  0.13/turn              c - ring of wizardry

@: mighty, about to teleport, mesmerised
A: no striking features
a: Potion Petition, Call Merchant, Bribe Branch, Renounce Religion


You were on level 8 of the Dungeon.
You worshipped Gozag.
Gozag was aware of your devotion.
You were hungry.

You visited 2 branches of the dungeon, and saw 9 of its levels.
You also visited: Sewer.

You collected 542 gold pieces.
You paid 150 gold pieces to Gozag.

Inventory:

Hand Weapons
 a - a +0 short sword
 K - a +0 dagger of flaming (weapon)
Missiles
 v - 20 poisoned darts (quivered)
 G - 4 atropa-tipped darts
Armour
 d - the +1 chain mail "Edodwual" (worn) {Slay+3}
   (You found it on level 4 of the Dungeon)

   It affects your accuracy and damage with ranged weapons and melee attacks
   (+3).
 e - a +2 pair of gloves (worn)
 s - a +0 pair of boots (worn)
 y - a +2 chain mail of cold resistance
Jewellery
 c - a ring of wizardry (right hand)
 p - an uncursed ring of protection from cold
 C - a ring of protection from fire (left hand)
 N - a +4 ring of evasion
Wands
 b - a wand of clouds (8)
 x - a wand of polymorph (3)
 J - a wand of digging (8)
Scrolls
 j - 5 scrolls of enchant armour
 k - 3 scrolls of teleportation
 m - 4 scrolls of remove curse
 o - a scroll of fog
 q - a scroll of magic mapping
 r - 13 scrolls of identify {unknown}
 w - a scroll of fear {unknown}
 z - 2 scrolls of amnesia {unknown}
 A - 2 scrolls of immolation {unknown}
 D - 4 scrolls of blinking {unknown}
 H - 2 scrolls of enchant weapon {unknown}
 M - a scroll of summoning {unknown}
Potions
 g - a potion of brilliance {unknown}
 i - a potion of invisibility {unknown}
 l - 2 potions of flight {unknown}
 n - 5 potions of lignification {unknown}
 t - a potion of might
 u - 6 potions of curing {unknown}
 B - a potion of stabbing {unknown}
 E - a potion of degeneration {unknown}
 I - a potion of haste {unknown}
 L - a potion of heal wounds {unknown}
Comestibles
 f - 11 rations


   Skills:
 + Level 4.9 Fighting
 + Level 7.4 Short Blades
 + Level 2.6 Throwing
 + Level 6.3 Armour
 + Level 4.7 Dodging
 + Level 2.2 Stealth
 + Level 4.2 Evocations


You had 8 spell levels left.
You didn't know any spells.
Your spell library contained the following spells:

 Spells                   Type           Power        Failure   Level  Hunger
 Summon Small Mammal      Summ           #...         86%         1    ##.....
 Call Imp                 Summ           #.......     95%         2    ###....
 Call Canine Familiar     Summ           #.......     99%         3    ####...
 Summon Guardian Golem    Hex/Summ       #.......     99%         3    ####...
 Summon Ice Beast         Ice/Summ       #.......     100%        4    #####..
 Summon Lightning Spire   Summ/Air       #.......     100%        4    #####..


Dungeon Overview and Level Annotations

Branches:
Dungeon (8/15)             Temple (1/1) D:5           Sewer (visited)
   Lair: D:8-11

Altars:
Ashenzari
Cheibriados
Dithmenos
Elyvilon
Fedhas
Gozag
Hepliaklqana
Kikubaaqudgha
Makhleb
Nemelex Xobeh
Okawaru
Qazlal
Ru
Sif Muna
Trog
Uskayaw
Vehumet
Wu Jian
Xom
Yredelemnul
Zin
The Shining One

Annotations:
D:7 exclusion: downstairs
D:8 exclusion: upstairs, Maggie


Message History

You closely miss Maggie.
Maggie is moderately wounded.
You barely miss Maggie.
Maggie is moderately wounded.
Maggie hits you but does no damage. Space bends around you.
You closely miss Maggie.
Maggie is moderately wounded.
You hit Maggie but do no damage.
Maggie is moderately wounded.
Maggie zaps a wand.
You are blasted!
* * * LOW HITPOINT WARNING * * *
Unknown command.
Okay, then.
Unknown command.
As you read the scroll of teleportation, it crumbles to dust.
You feel strangely unstable.
Maggie points at you and mumbles some strange words.
The bolt of fire hits you! You resist.
You die...
Your body crumbles into a pile of gold.

...# #...#####
...###...#########
...##.....@....((#
...###.#.#######(#
#..# #.#.# #§#
#..# #.#.# #§#
#.## #.#.# #§#
..####.#.# #@#
.........# #@#
.>......## #.#
#.#.##.## #.#
#.#.##.# #.#
#.#.##.# #####.#
#.#.##.# #.....#
#.#.##.# #.#####
#.#.##.# #.#
#.#.##.#####.#


You could see Maggie (mesmerising).

Vanquished Creatures
  A hippogriff (D:8)
  An orc warrior (D:7)
  A sky beast (D:5)
  An ogre (D:6)
  A centaur (D:5)
  A big kobold (D:7)
  4 bullfrogs
  A scorpion (D:4)
  6 killer bees (D:8)
  5 wights (D:6)
  2 howler monkeys
  A quasit (D:8)
  A hound (D:7)
  A jelly (D:7)
  6 orc priests
  7 orc wizards
  A centaur skeleton (D:4)
  Jessica (D:2)
  An iguana (D:7)
  4 worker ants
  Natasha (thrice) (D:3)
  4 gnolls
  18 adders
  A shadow imp (D:7)
  3 oozes
  3 adder skeletons
  5 worms
  10 leopard geckos
  28 orcs
  4 ball pythons
  4 giant cockroaches
  13 goblins
  5 hobgoblins
  12 jackals
  2 quokkas
  8 bats
  11 frilled lizards
  19 kobolds
  9 rats
  5 plants (Sewer)
214 creatures vanquished.

Vanquished Creatures (collateral kills)
  An orc wizard (D:4)
1 creature vanquished.

Vanquished Creatures (others)
  An orc priest (D:4)
  An iguana (D:4)
  4 orcs (D:4)
  A hobgoblin (D:3)
  A jackal (D:4)
8 creatures vanquished.

Grand Total: 223 creatures vanquished

Notes
Turn   | Place    | Note
-------+----------+-------------------------------------------
     0 | D:1      | H0rd4k the Human Artificer began the quest for the Orb.
     0 | D:1      | Reached XP level 1. HP: 15/15 MP: 3/3
   310 | D:1      | Reached XP level 2. HP: 9/21 MP: 4/4
   616 | D:1      | Reached XP level 3. HP: 12/26 MP: 5/5
  1663 | D:2      | Reached skill level 2 in Short Blades
  1903 | D:2      | Reached XP level 4. HP: 30/32 MP: 6/6
  1987 | D:2      | Reached skill level 1 in Armour
  2292 | D:2      | Noticed Jessica
  2363 | D:1      | Reached XP level 5. HP: 9/38 MP: 7/7
  2865 | D:2      | Killed Jessica
  2970 | D:2      | Reached skill level 3 in Short Blades
  3472 | D:2      | Reached XP level 6. HP: 44/44 MP: 8/8
  4800 | D:3      | Reached XP level 7. HP: 11/51 MP: 9/9
  5555 | D:3      | Reached skill level 1 in Throwing
  5585 | D:3      | Noticed Natasha
  5613 | D:3      | Killed Natasha
  5613 | D:3      | Reached skill level 4 in Short Blades
  5619 | D:3      | Noticed Natasha
  5793 | D:3      | Killed Natasha
  5829 | D:3      | Noticed Natasha
  5831 | D:3      | Killed Natasha
  5978 | D:4      | Found a shadowy altar of Dithmenos.
  6338 | D:4      | Found a glowing golden altar of the Shining One.
  6498 | D:4      | Got a fine chain mail
  6509 | D:4      | Identified the cursed +1 chain mail "Edodwual" {Slay+3}
                  | (You found it on level 4 of the Dungeon)
  6540 | D:5      | Entered Level 5 of the Dungeon
  7014 | D:5      | Reached XP level 8. HP: 36/58 MP: 10/10
  7273 | D:5      | Reached skill level 5 in Short Blades
  7914 | D:5      | Found a staircase to the Ecumenical Temple.
  8613 | D:6      | Found a glowing drain.
  8622 | Sewer    | Entered a sewer
  9904 | Temple   | Entered the Ecumenical Temple
 10027 | D:6      | Reached skill level 6 in Short Blades
 10027 | D:6      | Reached XP level 9. HP: 41/65 MP: 11/11
 11931 | D:6      | Reached skill level 5 in Armour
 12183 | D:7      | Reached skill level 7 in Short Blades
 12413 | D:7      | Found an opulent altar of Gozag.
 12564 | D:7      | Found an ancient bone altar of Kikubaaqudgha.
 12570 | D:7      | Found a snail-covered altar of Cheibriados.
 12881 | D:8      | Noticed a hippogriff
 12916 | D:7      | Became a worshipper of Gozag Ym Sagoz the Greedy
 13029 | D:8      | Found a hazy altar of Hepliaklqana.
 13202 | D:8      | Noticed Maggie
 13203 | D:8      | Found a radiant altar of Vehumet.
 13571 | D:8      | Noticed a hippogriff
 13584 | D:8      | Killed a hippogriff
 13803 | D:8      | Killed from afar by Maggie

Illustrated notes

Levels and vault maps discovered:
D:1:      sevenhm_arrival_forest_fort_small_3, layout_loops_ring, serial_glass,
          glass_columns_a, glass_columns_a, glass_columns_b, glass_columns_a,
          glass_columns_c, glass_columns_a, glass_columns_c, glass_columns_a,
          minmay_cupped
D:2:      layout_rooms, serial_glass, glass_columns_a, glass_columns_b,
          glass_columns_c, glass_columns_c, glass_columns_a, glass_columns_b,
          uniq_jessica
D:3:      layout_basic, uniq_natasha
D:4:      layout_loops_cross, nicolae_tso_swordbearing_angel,
          grunt_dithmenos_smoke
D:5:      layout_layer_cave, temple_statues, first_ration
D:6:      layout_basic, portal_sewer_entry_f
D:7:      layout_cave_pools, nicolae_overflow_crystal_walls,
          amethyst_overflow_temple_binary
D:8:      layout_basic, old_standard_altar, lemuel_crystal_altar, uniq_maggie
Temple:   minmay_freezing_vapour_temple

Skill      XL: |  1  2  3  4  5  6  7  8  9 |
---------------+----------------------------+-----
Short Blades   | 2 3 4 6 7 |  7.4
Armour         | 1 2 3 4 6 |  6.3
Fighting       | 2 3 4 |  4.9
Dodging        | 3 4 |  4.7
Throwing       | 2 |  2.6
Stealth        | 2 |  2.2
Evocations     | 4 |  4.2

Action                   |  1- 3 |  4- 6 |  7- 9 || total
-------------------------+-------+-------+-------++-------
Melee: Short sword       |   167 |   236 |   740 ||  1143
       Dagger            |       |       |   287 ||   287
Throw: Dart              |       |     5 |    45 ||    50
Evoke: Wand              |     4 |    33 |    20 ||    57
  Use: Scroll            |       |       |     6 ||     6
       Potion            |       |       |     1 ||     1
 Stab: Paralysed         |       |     1 |     1 ||     2
       Sleeping          |       |     1 |     1 ||     2
  Eat: Chunk             |     3 |    10 |    22 ||    35
       Ration            |       |       |     2 ||     2
Armor: Leather armour    |    47 |    72 |    16 ||   135
       Chain mail        |       |       |   414 ||   414
Dodge: Dodged            |   133 |   132 |   292 ||   557
